 Dungeon Crawl Stone Soup version 0.32-a0-837-g8d3e27d251 (webtiles) character file.

Game seed: 11906588918317873107

1313 Dainean the Chiller (level 8, -1/43 (62) HPs)
             Began as a Demonspawn Ice Elementalist on Jan 14, 2024.
             Killed by divine providence
             ... invoked by Jeremiah
              (12 damage)
             ... on level 6 of the Dungeon on Mar 26, 2024.
             The game lasted 00:47:34 (6568 turns).

Dainean the Chiller (Demonspawn Ice Elementalist)   Turns: 6568, Time: 00:47:35

HP:   -1/43 (62)    AC: 15    Str:  8    XL:     8   Next: 32%
MP:   6/14          EV: 12    Int: 18    God:
Gold: 348           SH:  0    Dex: 14    Spells: 3/15 levels left

rFire   . . .        z - +2 hand axe (drain)
rCold   . . .        q - orb {*channel}
rNeg    . . .        a - +0 robe
rPois   .            (no helmet)
rElec   .            b - scarf {shadows}
rCorr   .            (no gloves)
SInv    +            (no boots)
Will    .....        (no amulet)
Stlth   ++           g - ring of see invisible
HPRegen 0.27/turn    u - +4 ring of protection
MPRegen 0.14/turn

%: channel magic (20%)
@: ice-armoured, freezing walls, very heavily drained
A: thin metallic scales 2, foul stench 2, robust 2, subdued magic 1
a: no special abilities


You were on level 6 of the Dungeon.
You visited 1 branch of the dungeon, and saw 6 of its levels.

You collected 348 gold pieces.

Inventory:

Hand Weapons
 i - a +0 dagger
 s - a +1 whip of flaming
 z - a +2 hand axe of draining (weapon)
 A - a +2 dagger of venom
 B - a +1 halberd of protection
Missiles
 j - 6 poisoned darts (quivered)
Armour
 a - a +0 robe (worn)
 b - a scarf of shadows (worn)
 q - an orb of energy (worn)
Magical Staves
 n - a staff of fire
Jewellery
 g - a ring of see invisible (left hand)
 u - a +4 ring of protection (right hand)
Wands
 m - a wand of charming (4)
Scrolls
 c - a scroll of revelation {unknown}
 d - a scroll of immolation {unknown}
 f - 2 scrolls of blinking
 k - 3 scrolls of teleportation
 o - 2 scrolls of vulnerability
 p - a scroll of fog {unknown}
 y - a scroll of identify
Potions
 e - a potion of heal wounds
 h - a potion of degeneration
 l - a potion of attraction {unknown}
 t - a potion of invisibility {unknown}
 v - a potion of mutation
 w - 2 potions of lignification
 x - a potion of curing {unknown}
 C - a potion of experience {unknown}


   Skills:
 + Level 4.2 Dodging
 - Level 1.7 Stealth
 + Level 4.4 Spellcasting
 + Level 1.7 Conjurations
 + Level 4.7 Summonings
 * Level 6.2 Ice Magic
 + Level 1.4 Earth Magic


You had 3 spell levels left.
You knew the following spells:

 Your Spells              Type           Power      Damage    Failure   Level
a - Freeze                Ice            80%        1d9       4%          1
b - Ozocubu's Armour      Ice            20%        N/A       9%          3
c - Summon Ice Beast      Ice/Summ       18%        N/A       11%         3
d - Frozen Ramparts       Ice            40%        1d7       9%          3
e - Call Imp              Summ           32%        N/A       9%          2

Your spell library contained the following spells:

 Spells                   Type           Power      Damage    Failure   Level
 Magic Dart               Conj           32%        1d4       16%         1
 Sandblast                Erth           14%        2d6       17%         1
 Blink                    Tloc           6%         N/A       38%         2
 Passwall                 Erth           7%         N/A       38%         3
 Stone Arrow              Conj/Erth      14%        3d7       38%         3
 Brom's Barrelling Bould  Conj/Erth      7%         2d3       73%         4
 Sculpt Simulacrum        Ice/Alch       5%         N/A       100%        6
 Ozocubu's Refrigeration  Ice            10%        4d9       100%        7
 Polar Vortex             Ice            10%        12d1*     100%        9


Dungeon Overview and Level Annotations

Branches:
Dungeon (6/15)             Temple (0/1) D:6

Altars:
Hepliaklqana

Shops:
D:4 *   D:5 =

Annotations:
D:6 Jeremiah


Innate Abilities, Weirdness & Mutations

You are mostly covered in thin metallic scales. (AC +3)
You sometimes emit foul miasma when damaged in melee.
You are very robust. (+20% HP)
Your spells are a little easier to cast, but a little less powerful.


Message History

You closely miss the butterfly.
The wall freezes the butterfly.
You kill the butterfly!
The butterfly disappears in a burst of colours!
The wall freezes the butterfly.
You kill the butterfly!
The butterfly disappears in a burst of colours!
The wall freezes the butterfly.
You kill the butterfly!
The butterfly disappears in a burst of colours!
The wall freezes Jeremiah.
Jeremiah closely misses you.
You miss the butterfly.
The wall freezes the butterfly.
You kill the butterfly!
The butterfly disappears in a burst of colours!
The wall freezes the butterfly.
You kill the butterfly!
The butterfly disappears in a burst of colours!
The wall freezes Jeremiah.
Jeremiah hits you from afar with a +4 trident of draining.
* * * LOW HITPOINT WARNING * * *
You feel drained.
* * * LOW HITPOINT WARNING * * *
The wall freezes the butterfly.
You kill the butterfly!
The butterfly disappears in a burst of colours!
You hit the butterfly.
You kill the butterfly!
The butterfly disappears in a burst of colours! x2
The wall freezes Jeremiah.
Jeremiah hits you from afar with a +4 trident of draining.
* * * LOW HITPOINT WARNING * * *
You feel drained.
* * * LOW HITPOINT WARNING * * *
The wall freezes the butterfly.
You kill the butterfly!
The butterfly disappears in a burst of colours!
The wall freezes Jeremiah.
Jeremiah mumbles a slurred invocation.
Something smites you!
You die...
Jeremiah wails, "I didn't mean to kill anyone!
I'm not a murderer!"

....b....§≈.≈§...#
#.....F§§≈b≈§.###
.##..b...c≈≈.≈≈.#
...?...b.Y≈.§.≈.#
..........5.ß.≈.#
#.bF.........#
###.###...####
##bF#######
#(.bb@.#
#.........#
..##...#..## .
#.###### ##


You could see Jeremiah.

Vanquished Creatures
  A nameless horror (D:4)
  2 water moccasins (D:6)
  A centaur (D:6)
  A phantom (D:5)
  A scorpion (D:3)
  2 orc priests (D:3)
  2 sleepcaps (D:5)
  3 iguanas (D:5)
  3 orc wizards
  A gnoll (D:6)
  4 adders
  3 ribbon worms
  11 orcs
  7 endoplasms
  3 giant cockroaches
  3 goblins
  7 hobgoblins
  7 jackals
  A quokka (D:1)
  8 ball pythons
  6 bats
  7 frilled lizards
  4 kobolds
  4 rats
92 creatures vanquished.

Vanquished Creatures (collateral kills)
  A water moccasin (D:6)
  A black bear (D:5)
  A scorpion (D:5)
  3 bombardier beetles (D:5)
  A jelly (D:5)
  A sleepcap (D:5)
  2 gnolls (D:6)
  An adder (D:5)
  A shadow imp (D:6)
  4 ribbon worms
  8 orcs
  3 jackals (D:5)
27 creatures vanquished.

Grand Total: 119 creatures vanquished

Notes
Turn   | Place    | Note
-------+----------+-------------------------------------------
     0 | D:1      | Dainean the Demonspawn Ice Elementalist began the quest for
                  | the Orb.
     0 | D:1      | Reached XP level 1. HP: 13/13 MP: 3/3
   316 | D:1      | Gained mutation: You may rarely emit foul miasma when
                  | damaged in melee. [demonic ancestry]
   316 | D:1      | Reached XP level 2. HP: 19/19 MP: 3/5
   501 | D:1      | Reached skill level 4 in Ice Magic
  1052 | D:2      | Reached XP level 3. HP: 22/24 MP: 3/6
  1427 | D:2      | Learned a level 3 spell: Ozocubu's Armour
  1908 | D:3      | Reached XP level 4. HP: 13/30 MP: 2/7
  1919 | D:3      | Reached skill level 1 in Summonings
  1998 | D:3      | Noticed a scorpion
  2003 | D:3      | Killed a scorpion
  2163 | D:3      | Gained mutation: You are partially covered in thin metallic
                  | scales. (AC +2) [demonic ancestry]
  2163 | D:3      | Reached XP level 5. HP: 34/35 MP: 6/9
  2526 | D:3      | Learned a level 3 spell: Summon Ice Beast
  2668 | D:3      | Noticed a nameless horror
  2696 | D:4      | Killed a nameless horror
  2780 | D:3      | Reached skill level 5 in Ice Magic
  3604 | D:4      | Found Ceuklygg's Assorted Antiques.
  3629 | D:4      | Gained mutation: You sometimes emit foul miasma when
                  | damaged in melee. [demonic ancestry]
  3629 | D:4      | Reached XP level 6. HP: 36/41 MP: 8/10
  5121 | D:5      | Entered Level 5 of the Dungeon
  5462 | D:5      | Upgraded the game from 0.32-a0-12-g7fc57aa741 to
                  | 0.32-a0-19-g28bc0835a1
  5496 | D:5      | Upgraded the game from 0.32-a0-19-g28bc0835a1 to
                  | 0.32-a0-22-g6ae6769602
  5544 | D:5      | Gained mutation: You are mostly covered in thin metallic
                  | scales. (AC +3) [demonic ancestry]
  5544 | D:5      | Reached XP level 7. HP: 46/46 MP: 7/12
  5875 | D:5      | Found Kes Vahu's Jewellery Shop.
  5893 | D:5      | Learned a level 3 spell: Frozen Ramparts
  6074 | D:5      | Upgraded the game from 0.32-a0-22-g6ae6769602 to
                  | 0.32-a0-837-g8d3e27d251
  6230 | D:6      | Learned a level 2 spell: Call Imp
  6242 | D:6      | Found a staircase to the Ecumenical Temple.
  6341 | D:6      | Reached skill level 1 in Conjurations
  6341 | D:6      | Reached skill level 6 in Ice Magic
  6341 | D:6      | Reached skill level 1 in Earth Magic
  6341 | D:6      | Reached XP level 8. HP: 44/52 MP: 9/14
  6452 | D:6      | Found a hazy altar of Hepliaklqana.
  6480 | D:6      | Identified the ring "Nariagg" {Fire Will++ Str-2 Int+3
                  | SInv}
  6491 | D:6      | Noticed Jeremiah
  6522 | D:6      | Gained mutation: You are robust. (+10% HP) [potion of
                  | mutation]
  6522 | D:6      | Gained mutation: Your spells are a little easier to cast,
                  | but a little less powerful. [potion of mutation]
  6522 | D:6      | Gained mutation: You are very robust. (+20% HP) [potion of
                  | mutation]
  6568 | D:6      | Killed from afar by Jeremiah

Illustrated notes

Levels and vault maps discovered:
D:1:      minmay_arrival_stone_box, layout_basic
D:2:      layout_basic
D:3:      layout_loops_ring, cheibrodos_sewer_entry_bend,
          uniq_crazy_yiuf_cottage
D:4:      layout_basic, serial_shops, shop, serial_rivers,
          chequers_serial_rivers_small_a, chequers_serial_rivers_micro_e,
          chequers_serial_rivers_small_b, chequers_serial_rivers_marsh,
          chequers_serial_rivers_micro_a, kennysheep_small_spiral
D:5:      layout_rooms, serial_shops, nicolae_shop_crystal,
          hangedman_abyss_or_decor_jellyfish_corner
D:6:      layout_cave_pools, mainiacjoe_overflow_catwalk,
          minmay_temple_entry_slanted, uniq_jeremiah

Skill      XL: |  1  2  3  4  5  6  7  8 |
---------------+-------------------------+-----
Dodging        | 2 3 4 |  4.2
Ice Magic      | 4 5 6 |  6.2
Summonings     | 1 2 3 4 |  4.7
Spellcasting   | 3 4 |  4.4
Conjurations   | 1 |  1.7
Earth Magic    | 1 |  1.4
Stealth        | |  1.7

Action                     |  1- 3 |  4- 6 |  7- 9 || total
---------------------------+-------+-------+-------++-------
  Melee: Unarmed           |    13 |       |       ||    13
         Dagger            |     3 |    14 |     9 ||    26
         Punch             |       |     1 |       ||     1
         Hand axe          |       |       |    23 ||    23
  Throw: Dart              |       |       |     1 ||     1
   Cast: Freeze            |    67 |    79 |    20 ||   166
         Ozocubu's Armour  |       |     2 |     3 ||     5
         Summon Ice Beast  |       |     7 |    17 ||    24
         Call Imp          |       |       |     2 ||     2
         Frozen Ramparts   |       |       |     6 ||     6
    Use: Scroll            |       |     4 |     1 ||     5
         Potion            |       |     4 |     4 ||     8
   Stab: Sleeping          |     1 |     2 |       ||     3
 Armour: Robe              |    30 |    60 |    38 ||   128
         Skin              |       |       |    13 ||    13
  Dodge: Dodged            |    44 |    46 |    35 ||   125

Table legend: (Time is in decaauts)
 A = Elapsed time spent in this place.
 B = Non-inter-level travel time spent in this place.
 C = Inter-level travel time spent in this place.
 D = Time resting spent in this place.
 E = Time spent auto-exploring this place.
 F = Levels seen in this place.
 G = Mean time per level.
                   A        B        C        D        E       F      G
               +--------+--------+--------+--------+--------+-----+--------+
         Total |   6565 |   6513 |     52 |   2099 |   2224 |   6 | 1094.2 |
       Dungeon |   6565 |   6513 |     52 |   2099 |   2224 |   6 | 1094.2 |
               +--------+--------+--------+--------+--------+-----+--------+

Top non-repeatable levels by time:
     D:4: 1725 daAuts
     D:3: 1497 daAuts
     D:5: 1100 daAuts
     D:1: 1047 daAuts
     D:2: 841 daAuts
     D:6: 352 daAuts
